Map: [ESL] Cosmic Sapphire

Players

MeomaikA - Winner!

  • Race: Zerg Zerg
  • Spawn Location: 11:00

Harstem

  • Race: Protoss Protoss
  • Spawn Location: 5:00

Event: DreamHack SC2 Masters 2022 Valencia

VOD

Have the link to the VOD?

Description

Time

  • Played on: July 1, 2022, 12:46 p.m.
  • Length: 10:30

All games in this series

Show
View Real Time Build Order
Export as new Build Order

MeomaikA Zerg - Winner!

Build Orders: Pool First 

Get SALT Encoding   

  12  0:00  Drone  
  13  0:08  Drone  
  14  0:16  Overlord  
  14  0:26  Drone, Extractor  
  15  0:35  Drone x2  
  17  0:45  Spawning Pool  
  17  0:47  Drone  
  17  1:07  Hatchery  
  17  1:10  Drone  
  17  1:13  Extractor  
  17  1:15  Drone  
  17  1:32  Queen, Zergling x4  
  21  1:37  Drone  
  22  1:47  Overlord  
  22  2:06  Drone  
  22  2:07  Queen  
  25  2:10  Drone  
  25  2:12  Metabolic Boost  
  26  2:19  Drone  
  26  2:20  Drone  
  28  2:30  Drone x2  
  30  2:39  Drone x2  
  30  2:40  Drone  
  30  2:41  Drone  
  34  2:54  Drone, Hatchery  
  34  2:57  Overlord  
  34  3:00  Drone  
  35  3:08  Lair  
  35  3:10  Drone  
  36  3:16  Drone x3  
  36  3:17  Drone  
  40  3:21  Drone  
  40  3:22  Drone  
  42  3:28  Extractor, Overlord  
  42  3:29  Zergling x2  
  42  3:31  Zergling x2  
  43  3:34  Spore Crawler  
  43  3:38  Zergling x2  
  43  3:40  Spore Crawler  
  43  3:41  Zergling x2  
  43  3:43  Zergling x2  
  43  3:45  Overlord  
  44  3:53  Drone x3  
  43  3:56  Drone  
  43  3:58  Drone  
  44  4:03  Drone x3  
  44  4:06  Drone  
  48  4:10  Hydralisk Den  
  48  4:12  Drone  
  49  4:17  Drone x3  
  49  4:22  Drone x2  
  52  4:28  Drone  
  52  4:29  Overlord  
  52  4:31  Overlord  
  52  4:35  Overlord  
  50  4:40  Hydralisk x2  
  50  4:41  Hydralisk  
  56  4:48  Hydralisk x2  
  58  4:55  Drone x4  
  56  5:01  Muscular Augments  
  56  5:03  Drone x3  
  58  5:09  Drone x3  
  58  5:11  Hydralisk  
  63  5:15  Zergling x2  
  63  5:16  Zergling x4  
  63  5:18  Zergling x2  
  63  5:20  Zergling x4  
  69  5:22  Zergling x2  
  69  5:23  Zergling x2  
  69  5:26  Overlord  
  69  5:28  Zergling x2  
  71  5:39  Hydralisk x3  
  71  5:42  Zergling x2  
  78  5:44  Zergling x2  
  78  5:45  Queen, Zergling x4  
  78  5:47  Zergling x2  
  84  5:51  Hydralisk  
  84  5:53  Zergling x4  
  84  5:54  Zergling x2  
  84  5:55  Zergling x2  
  90  5:59  Overlord  
  90  6:00  Zergling x2  
  90  6:04  Zergling x2  
  90  6:11  Zergling x2  
  91  6:12  Zergling x4  
  91  6:13  Grooved Spines, Zergling x4  
  91  6:14  Hydralisk  
  95  6:22  Zergling x6  
  95  6:23  Zergling x2  
  95  6:25  Zergling x2  
  96  6:35  Zergling x2  
  96  6:38  Zergling x4  
  92  6:41  Zergling x2  
  92  6:42  Zergling x2  
  92  6:43  Zergling x2, Hatchery  
  92  6:44  Zergling x2  
  92  6:46  Zergling x4  
  88  6:52  Hydralisk  
  88  6:54  Zergling x2, Hydralisk  
  87  6:56  Zergling x2  
  87  6:58  Zergling x4  
  87  6:59  Zergling x4  
  94  7:01  Zergling x2  
  94  7:08  Zergling x4  
  97  7:10  Hydralisk x2  
  97  7:11  Hydralisk  
  97  7:12  Zergling x2  
  104  7:17  Zergling x2  
  104  7:21  Zergling x2  
  104  7:22  Zergling x2  
  105  7:28  Zergling x2  
  102  7:34  Zergling x2  
  102  7:35  Zergling x2  
  102  7:36  Zergling x2  
  102  7:37  Zergling x4  
  97  7:39  Zergling x2  
  97  7:42  Zergling x2  
  97  7:43  Zergling x4  
  94  7:44  Hydralisk x2  
  94  7:45  Queen  
  94  7:50  Zergling x2  
  98  7:56  Zergling x2  
  98  7:57  Zergling x2  
  100  7:59  Zergling x2  
  100  8:02  Zergling x2  
  100  8:05  Hydralisk  
  99  8:07  Zergling x4  
  99  8:10  Hydralisk  
  100  8:14  Queen  
  100  8:17  Zergling x2  
  100  8:18  Zergling x4  
  100  8:19  Zergling x4  
  101  8:20  Zergling x2  
  101  8:21  Zergling x2  
  101  8:22  Zergling x2  
  101  8:23  Zergling x4  
  99  8:27  Zergling x2  
  99  8:30  Zergling x2  
  99  8:31  Zergling x2  
  99  8:33  Zergling x2  
  102  8:38  Zergling x2  
  102  8:40  Zergling x4  
  103  8:43  Zergling x2  
  103  8:50  Zergling x4  
  103  8:51  Hydralisk  
  103  8:53  Zergling x2  
  106  8:57  Zergling x2, Hydralisk  
  106  8:58  Zergling x2  
  106  9:00  Hydralisk  
  106  9:01  Zergling x2  
  111  9:03  Overlord x2  
  111  9:05  Zergling x2  
  111  9:13  Zergling x2  
  111  9:16  Zergling x2  
  108  9:17  Zergling x4  
  108  9:18  Zergling x4  
  108  9:21  Zergling x2  
  108  9:23  Zergling x2  
  99  9:26  Zergling x2  
  99  9:28  Zergling x2  
  97  9:31  Zergling x2  
  97  9:32  Zergling x6  
  97  9:33  Zergling x2  
  97  9:34  Zergling x4  
  97  9:35  Hydralisk  
  97  9:37  Zergling x2  
  103  9:39  Zergling x2  
  103  9:44  Zergling x4  
  103  9:45  Infestation Pit  
  105  9:47  Zergling x2  
  104  9:53  Zergling x2  
  104  9:54  Zergling x2  
  104  9:55  Zergling x2  
  104  9:58  Zergling x2  
  108  10:00  Zergling x2  
  108  10:04  Hydralisk  
  108  10:05  Hydralisk  
  108  10:06  Hydralisk x2  
  112  10:07  Zergling x2  
  112  10:08  Zergling x4  
Show
View Real Time Build Order
Export as new Build Order

Harstem Protoss 

Build Orders: 1 Gate Expand, Oracle Opening 

Get SALT Encoding   

  12  0:00  Probe  
  13  0:12  Probe  
  14  0:18  Pylon  
  14  0:24  Probe  
  15  0:36  Probe (Chrono Boost)  
  15  0:38  Gateway  
  16  0:47  Probe (Chrono Boost), Assimilator  
  17  0:52  Probe (Chrono Boost)  
  18  1:03  Probe  
  19  1:15  Probe  
  20  1:25  Nexus  
  20  1:36  Cybernetics Core  
  20  1:38  Probe  
  21  1:45  Assimilator  
  21  1:50  Probe  
  22  1:54  Pylon  
  22  2:02  Probe  
  23  2:10  Adept (Chrono Boost)  
  26  2:19  Stargate  
  26  2:22  Pylon  
  25  2:24  Probe  
  25  2:28  Warp Gate  
  26  2:32  Adept  
  26  2:37  Probe  
  29  2:40  Probe  
  30  2:50  Probe (Chrono Boost)  
  31  2:52  Probe (Chrono Boost)  
  32  2:59  Oracle (Chrono Boost)  
  32  3:05  Probe (Chrono Boost)  
  36  3:06  Probe (Chrono Boost)  
  36  3:10  Probe (Chrono Boost)  
  37  3:13  Pylon, Probe  
  40  3:20  Probe  
  40  3:25  Probe  
  40  3:27  Oracle (Chrono Boost)  
  40  3:32  Probe, Gateway  
  44  3:37  Probe  
  45  3:44  Probe  
  46  3:57  Nexus, Probe  
  46  4:01  Oracle (Chrono Boost)  
  44  4:06  Pylon  
  44  4:08  Probe  
  48  4:10  Gateway  
  48  4:11  Probe  
  49  4:19  Stalker  
  49  4:20  Probe  
  49  4:24  Probe  
  53  4:25  Pylon  
  53  4:28  Stalker  
  54  4:32  Probe  
  54  4:36  Probe  
  54  4:42  Assimilator  
  54  4:45  Probe  
  55  4:46  Twilight Council  
  55  4:47  Stalker  
  55  4:48  Probe  
  58  4:57  Probe  
  59  5:00  Probe  
  59  5:05  Stalker x2  
  64  5:09  Probe, Assimilator  
  64  5:11  Pylon, Probe  
  64  5:12  Probe  
  67  5:16  Charge (Chrono Boost)  
  67  5:21  Probe  
  68  5:22  Stalker  
  68  5:23  Probe  
  68  5:24  Probe  
  72  5:30  Stalker  
  72  5:32  Shield Battery  
  72  5:33  Probe  
  72  5:35  Probe  
  76  5:38  Probe  
  76  5:40  Stalker  
  79  5:44  Forge  
  79  5:45  Probe  
  79  5:47  Probe, Gateway  
  79  5:49  Zealot  
  83  5:56  Shield Battery, Zealot  
  85  5:57  Probe  
  85  5:58  Probe  
  87  6:04  Zealot  
  87  6:05  Shield Battery  
  87  6:10  Shield Battery  
  92  6:12  Zealot  
  92  6:14  Pylon  
  92  6:18  Zealot  
  93  6:20  Probe  
  93  6:23  Probe  
  93  6:25  Photon Cannon  
  93  6:28  Pylon  
  93  6:31  Shield Battery  
  93  6:32  Shield Battery, Zealot x2  
  97  6:39  Zealot  
  97  6:40  Probe  
  97  6:44  Zealot  
  97  6:45  Protoss Ground Weapons Level 1 (Chrono Boost)  
  97  6:49  Gateway  
  97  6:52  Gateway  
  97  6:53  Probe  
  95  6:54  Zealot x2  
  95  7:00  Assimilator  
  100  7:01  Zealot  
  100  7:05  Zealot  
  100  7:06  Photon Cannon  
  103  7:10  Pylon  
  103  7:13  Templar Archives  
  103  7:14  Zealot x2  
  105  7:25  Zealot  
  101  7:30  Zealot  
  101  7:32  Probe  
  96  7:37  Zealot x2  
  90  7:44  Probe  
  90  7:45  Probe  
  90  7:47  Zealot x2  
  90  7:48  Void Ray (Chrono Boost), Gateway, Zealot  
  90  7:51  Zealot  
  100  7:56  Gateway  
  100  7:57  Probe, Zealot  
  92  8:10  Zealot x3  
  88  8:13  Zealot  
  88  8:15  Probe  
  86  8:20  Zealot  
  86  8:21  Probe  
  86  8:22  Probe  
  84  8:27  Void Ray, Probe  
  84  8:28  Zealot x3  
  84  8:33  Pylon, Probe  
  90  8:34  Probe, Zealot  
  90  8:39  Probe, Zealot  
  93  8:43  Zealot x4  
  93  8:46  Probe  
  93  8:48  Pylon  
  101  8:51  Pylon  
  101  8:54  Zealot  
  101  8:55  Zealot  
  94  9:01  Zealot  
  95  9:04  Zealot  
  94  9:10  Zealot x3  
  91  9:17  Zealot x2  
  91  9:20  Probe  
  74  9:24  Zealot x2  
  74  9:31  Zealot x3  
  81  9:33  Probe  
  73  9:38  Zealot x3  
  73  9:43  Gateway  
  79  9:46  Zealot  
  79  9:50  Zealot  
  79  9:51  Probe  
  79  9:58  Zealot x3  
  79  9:59  Zealot x2  
  79  10:02  Probe  
  79  10:08  Zealot x2  
  79  10:09  Probe  

Tags
 
Add a new tag
Caveats
  • Supply blocks, unpowered buildings, or Contaminate may cause inaccurate times.
  • Supply counts are checked every 10 seconds.